 Dungeon Crawl Stone Soup version 0.30-a0-782-ge64f9170bb (webtiles) character file.

Game seed: 10201288168547230529

1213 Leeroy the Transmogrifier (level 8, -10/48 HPs)
             Began as an Octopode Transmuter on Feb 22, 2023.
             Mangled by a wraith (13 damage)
             ... on level 6 of the Dungeon.
             The game lasted 00:06:50 (4109 turns).

Leeroy the Transmogrifier (Octopode Transmuter)     Turns: 4109, Time: 00:06:51

Health: -10/48     AC:  5    Str: 17    XL:     8   Next: 46%
Magic:  11/11      EV: 13    Int: 15    God:
Gold:   248        SH:  0    Dex: 13    Spells: 3/11 levels left

rFire   . . .      SeeInvis .    u - +0 falchion (holy)
rCold   . . .      Faith    .    (no shield)
rNeg    . . .      Spirit   .    (helmet restricted)
rPois   .          Reflect  .    p - amulet of the acrobat
rElec   .          Harm     .    d - ring of wizardry
rCorr   .          Rampage  .    q - +4 ring of protection
Will    .....                    z - +6 ring of strength
Stlth   ++                       (no ring)
HPRegen 0.28/turn                (no ring)
MPRegen 0.12/turn                (no ring)
                                 (no ring)
                                 (no ring)

@: slowed, very slow
A: almost no armour, amphibious, 8 rings, camouflage 1, gelatinous body 1,
(nimble swimmer 1), tentacles
a: no special abilities


You were on level 6 of the Dungeon.
You visited 1 branch of the dungeon, and saw 6 of its levels.

You collected 248 gold pieces.

Inventory:

Hand Weapons
 s - a +1 scimitar of flaming
 u - a +0 falchion of holy wrath (weapon)
Missiles
 r - 6 javelins
 E - a curare-tipped dart
 F - 5 poisoned darts
Jewellery
 d - a ring of wizardry (left tentacle)
 p - an amulet of the acrobat (around mantle)
 q - a +4 ring of protection (right tentacle)
 z - a +6 ring of strength (on tentacle)
Wands
 j - a wand of paralysis (9)
Scrolls
 c - a scroll of brand weapon {unknown}
 e - 2 scrolls of amnesia {unknown}
 f - a scroll of immolation {unknown}
 g - 5 scrolls of identify {unknown}
 h - 2 scrolls of fear {unknown}
 n - a scroll of poison {unknown}
 o - a scroll of noise {unknown}
 t - 2 scrolls of teleportation {unknown}
 x - a scroll of blinking {unknown}
 y - a scroll of torment {unknown}
 C - 2 scrolls of summoning {unknown}
 D - a scroll of enchant armour {unknown}
Potions
 a - 2 potions of lignification
 b - 3 potions of curing {unknown}
 i - 2 potions of haste {unknown}
 k - a potion of heal wounds {unknown}
 l - 2 potions of flight {unknown}
 m - 2 potions of might {unknown}
 v - a potion of invisibility
 w - a potion of mutation {unknown}
 A - a potion of degeneration {unknown}
 B - a potion of brilliance {unknown}


   Skills:
 - Level 1.0 Fighting
 - Level 2.4 Dodging
 - Level 6.0 Unarmed Combat
 - Level 2.0 Spellcasting
 + Level 8.4 Transmutations
 - Level 1.1 Ice Magic


You had 3 spell levels left.
You knew the following spells:

 Your Spells              Type           Power      Damage    Failure   Level
a - Beastly Appendage     Tmut           52%        N/A       1%          1
b - Spider Form           Tmut/Pois      14%        N/A       4%          3
c - Ice Form              Ice/Tmut       15%        N/A       12%         4

Your spell library contained the following spells:

 Spells                   Type           Power      Damage    Failure   Level
 Wereblood                Tmut           26%        N/A       1%          2
 Apportation              Tloc           2%         N/A       9%          1
 Magic Dart               Conj           4%         1d3       9%          1
 Call Imp                 Summ           1%         N/A       13%         2
 Searing Ray              Conj           2%         2d4       13%         2
 Frozen Ramparts          Ice            8%         1d2       16%         3
 Mephitic Cloud           Conj/Pois/Air  1%         N/A       26%         3
 Alistair's Intoxication  Tmut/Pois      9%         N/A       38%         5
 Summon Ice Beast         Ice/Summ       3%         N/A       54%         4
 Fulminant Prism          Conj/Hex       0%         3d5       61%         4
 Malign Gateway           Summ/Tloc      0%         N/A       100%        7
 Summon Horrible Things   Summ           0%         N/A       100%        8


Dungeon Overview and Level Annotations

Branches:
Dungeon (6/15)             Temple (0/1) D:5

Altars:
Gozag

Annotations:
D:2 1 runed translucent door, Crazy Yiuf


Innate Abilities, Weirdness & Mutations

You cannot wear most types of armour.
You are amphibious.
You can wear up to eight rings at the same time.
Your skin changes colour to match your surroundings (Stealth+).
Your rubbery body absorbs attacks. (AC +1, EV +1)
((You are camouflaged when in or above water. (Stealth+)))
You have tentacles for arms and can constrict up to eight enemies at once.


Message History

The wraith hits you. The wraith drains your vigour!
You feel as though you will be slow longer.
You barely miss the wraith.
The wraith is lightly damaged.
The wraith hits you but does no damage.
You slash the wraith!
The wraith convulses!
The wraith is heavily damaged.
The wraith barely misses you. The wraith hits you!
The wraith drains your vigour!
You feel as though you will be slow longer.
You closely miss the wraith. Your squeeze misses the wraith.
The wraith is heavily damaged.
The wraith hits you. The wraith barely misses you.
You closely miss the wraith. Your squeeze misses the wraith.
The wraith is heavily damaged.
The wraith misses you. The wraith hits you!
You hit the wraith.
The wraith convulses.
The wraith is severely damaged.
The wraith closely misses you. The wraith barely misses you.
You barely miss the wraith.
You squeeze the wraith, but do no damage.
The wraith is severely damaged.
The wraith hits you. The wraith hits you!
* * * LOW HITPOINT WARNING * * *
The wraith drains your vigour!
You feel as though you will be slow longer.
You closely miss the wraith.
The wraith is severely damaged.
The wraith hits you!
* * * LOW HITPOINT WARNING * * *
The wraith drains your vigour!
You feel as though you will be slow longer.
The wraith closely misses you.
Okay, then.
Aiming: Paralyse
Press: ? - help, Shift-Dir - straight line, f - wraith
Aim: a wraith (severely damaged, chance to affect: 17%)
The wraith resists with almost no effort.
The wraith misses you. The wraith hits you!
You die...

#................# #...##### #.
#.....#..........# ##.<....# #<
#.....#..........####...##.# #.
#.....#............#....##+###.
#.....#......#####.#....÷......
#######......#####.#..##.......
#......##................
#.......#'#.#####........
.......@.......#........
........W....#.#........
...............#........
............####........
§≈≈≈........# .!.§..........
≈≈.§........... .≈.≈.###.......
.≈. #........


You could see a wraith.

Vanquished Creatures
  2 water moccasins (D:6)
  A black bear (D:6)
  2 ogres
  A kobold brigand (D:6)
  A necrophage (D:4)
  2 scorpions
  A gnoll bouda (D:3)
  A hound (D:4)
  A jelly (D:6)
  Terence (D:2)
  An orc wizard (D:6)
  Natasha (thrice) (D:3)
  9 gnolls
  8 adders
  A white imp (D:5)
  2 ufetubi
  2 worms
  A dart slug (D:1)
  5 orcs
  9 ball pythons
  10 endoplasms
  2 giant cockroaches
  10 goblins
  8 hobgoblins
  2 jackals (D:1)
  10 kobolds
  3 quokkas
  10 bats
  3 frilled lizards (D:1)
  7 rats
119 creatures vanquished.

Notes
Turn   | Place    | Note
-------+----------+-------------------------------------------
     0 | D:1      | Leeroy the Octopode Transmuter began the quest for the Orb.
     0 | D:1      | Reached XP level 1. HP: 13/13 MP: 3/3
    77 | D:1      | Reached XP level 2. HP: 14/18 MP: 5/5
   188 | D:1      | Found a faded altar of an unknown god.
   196 | D:1      | Reached skill level 3 in Transmutations
   254 | D:1      | Reached XP level 3. HP: 19/23 MP: 6/6
   365 | D:1      | Learned a level 3 spell: Spider Form
   665 | D:2      | Noticed Terence
   678 | D:2      | Killed Terence
   679 | D:2      | Reached XP level 4. HP: 17/28 MP: 7/7
   897 | D:2      | Found a runed translucent door.
   898 | D:2      | Noticed Crazy Yiuf
  1118 | D:2      | Reached XP level 5. HP: 30/33 MP: 8/8
  1611 | D:3      | Noticed Natasha
  1661 | D:3      | Killed Natasha
  1662 | D:3      | Reached skill level 5 in Unarmed Combat
  1876 | D:3      | Noticed Natasha
  1949 | D:3      | Killed Natasha
  1950 | D:3      | Reached XP level 6. HP: 34/38 MP: 5/9
  1982 | D:3      | Noticed Natasha
  1990 | D:3      | Killed Natasha
  2402 | D:4      | Reached skill level 4 in Transmutations
  2500 | D:4      | Learned a level 4 spell: Ice Form
  2946 | D:4      | Reached XP level 7. HP: 32/43 MP: 10/10
  2951 | D:4      | Reached skill level 5 in Transmutations
  3053 | D:4      | Found an opulent altar of Gozag.
  3333 | D:5      | Entered Level 5 of the Dungeon
  3372 | D:5      | Reached skill level 6 in Transmutations
  3449 | D:5      | Found Pohu's Assorted Antiques.
  3610 | D:5      | Found a staircase to the Ecumenical Temple.
  3726 | D:6      | Reached skill level 7 in Transmutations
  3726 | D:6      | Reached XP level 8. HP: 43/48 MP: 3/11
  3737 | D:6      | Reached skill level 1 in Ice Magic
  3885 | D:6      | Reached skill level 8 in Transmutations
  4092 | D:6      | Noticed a wraith
  4108 | D:6      | HP: 2/48 [wraith (10)]
  4109 | D:6      | Mangled by a wraith

Illustrated notes

Levels and vault maps discovered:
D:1:      dpeg_arrival_rooms_with_view, layout_rooms,
          shapermc_ecumenical_altar_venn
D:2:      layout_rooms, minmay_tetromino_l2, uniq_terence,
          uniq_crazy_yiuf_cottage
D:3:      layout_basic, uniq_natasha
D:4:      layout_cave_pools, nicolae_gozag_seed_capital, minmay_checkerbox
D:5:      layout_basic, minmay_temple_entry_trees, serial_shops, shop_fountains,
          dk_vineyard_3
D:6:      layout_basic, mainiacjoe_overflow_concentric_impassable,
          nicolae_fountain_basement

Skill      XL: |  1  2  3  4  5  6  7  8 |
---------------+-------------------------+-----
Transmutations | 3 4 7 8 |  8.4
Unarmed Combat | 4 5 6 |  6.0
Ice Magic      | 1 |  1.1
Fighting       | |  1.0
Dodging        | |  2.4
Spellcasting   | |  2.0

Action                     |  1- 3 |  4- 6 |  7- 9 || total
---------------------------+-------+-------+-------++-------
  Melee: Unarmed           |    89 |   152 |    74 ||   315
         Constrict         |    25 |    25 |    12 ||    62
         Tentacles         |    20 |    17 |    15 ||    52
         Punch             |     4 |     3 |     1 ||     8
         Falchion          |       |       |     9 ||     9
   Cast: Spider Form       |       |    11 |     6 ||    17
         Ice Form          |       |       |     2 ||     2
  Evoke: Wand              |       |       |     1 ||     1
   Stab: Sleeping          |     3 |     6 |     1 ||    10
 Armour: Skin              |     8 |    19 |    26 ||    53
  Dodge: Dodged            |    62 |   152 |    54 ||   268

Table legend: (Time is in decaauts)
 A = Elapsed time spent in this place.
 B = Non-inter-level travel time spent in this place.
 C = Inter-level travel time spent in this place.
 D = Time resting spent in this place.
 E = Time spent auto-exploring this place.
 F = Levels seen in this place.
 G = Mean time per level.
                   A        B        C        D        E       F      G
               +--------+--------+--------+--------+--------+-----+--------+
         Total |   4090 |   3916 |    174 |    565 |   2426 |   6 |  681.7 |
       Dungeon |   4090 |   3916 |    174 |    565 |   2426 |   6 |  681.7 |
               +--------+--------+--------+--------+--------+-----+--------+

Top non-repeatable levels by time:
     D:3: 1210 daAuts
     D:2: 831 daAuts
     D:1: 636 daAuts
     D:4: 635 daAuts
     D:5: 444 daAuts
     D:6: 331 daAuts
